 Dungeon Crawl Stone Soup version 0.30-a0-465-g8901f6c8b5 (webtiles) character file.

Game seed: 15589019642849217522

7767 bmack86 the Cleaver (level 11, -1/97 HPs)
             Began as a Minotaur Fighter on Dec 17, 2022.
             Was an Initiate of Gozag.
             Slain by a tengu warrior
             ... wielding a +1 antimagic trident
              (9 damage)
             ... on level 9 of the Dungeon.
             The game lasted 00:33:06 (9496 turns).

bmack86 the Cleaver (Minotaur Fighter)              Turns: 9496, Time: 00:33:07

Health: -1/97      AC: 29    Str: 29    XL:     11   Next: 1%
Magic:  10/10      EV: 12    Int:  5    God:    Gozag
Gold:   770        SH:  5    Dex:  6    Spells: 10/10 levels left

rFire   . . .      SeeInvis .    a - +5 war axe
rCold   . . .      Faith    .    c - +0 buckler
rNeg    + . .      Spirit   .    M - +4 plate armour {rN+}
rPois   +          Reflect  .    m - +1 hat
rElec   .          Harm     .    D - +2 cloak
rCorr   .          Rampage  .    s - +1 pair of gloves
Will    +....                    g - +2 pair of boots "Vijok" {rPois Str+3 Dex-3 Stlth+}
Stlth   ..........               C - amulet of magic regeneration
HPRegen 0.36/turn                N - +4 ring of evasion
MPRegen 0.52/turn                B - ring of willpower

@: mighty, gold aura, on berserk cooldown, slowed, very slow
A: horns 2, retaliatory headbutt
a: Renounce Religion, Potion Petition, Call Merchant, Bribe Branch


You were on level 9 of the Dungeon.
You worshipped Gozag.
Gozag was pleased with you.
You visited 2 branches of the dungeon, and saw 10 of its levels.
You also visited: Sewer.

You collected 1693 gold pieces.
You spent 808 gold pieces at shops.
You paid 115 gold pieces to Gozag.

Inventory:

Hand Weapons
 a - a +5 war axe (weapon)
Missiles
 i - 33 poisoned darts (quivered)
Armour
 b - a +0 scale mail
 c - a +0 buckler (worn)
 g - the +2 pair of boots "Vijok" (worn) {rPois Str+3 Dex-3 Stlth+}
   (You acquired it on level 1 of the Dungeon)

   Str:       It affects your strength (+3).
   Dex:       It affects your dexterity (-3).
   rPois:     It protects you from poison.
   Stlth:     It makes you more stealthy.
 m - a +1 hat (worn)
 s - a +1 pair of gloves (worn)
 D - a +2 cloak (worn)
 M - a +4 plate armour of positive energy (worn)
Jewellery
 o - a ring of poison resistance
 B - a ring of willpower (right hand)
 C - an amulet of magic regeneration (around neck)
 J - a ring of positive energy
 N - a +4 ring of evasion (left hand)
Wands
 q - a wand of flame (53)
 r - a wand of roots (19)
 w - a wand of light (15)
 E - a wand of mindburst (13)
 F - a wand of polymorph (22)
Scrolls
 e - 2 scrolls of fear
 k - 8 scrolls of teleportation
 l - 5 scrolls of magic mapping
 t - a scroll of summoning
 x - 2 scrolls of vulnerability
 y - a scroll of poison
 G - 2 scrolls of amnesia
 H - a scroll of fog {unknown}
Potions
 d - 2 potions of might
 f - 5 potions of curing
 h - 2 potions of heal wounds
 j - 3 potions of ambrosia
 n - 2 potions of berserk rage
 p - 2 potions of brilliance {unknown}
 u - a potion of resistance {unknown}
 v - 5 potions of cancellation
 z - 3 potions of attraction
 A - 2 potions of lignification {unknown}
 I - a potion of degeneration {unknown}
 K - a potion of flight {unknown}
 L - a potion of magic {unknown}


   Skills:
 + Level 9.2 Fighting
 + Level 13.0 Axes
 + Level 10.7 Armour
 + Level 4.4 Dodging
 + Level 2.0 Stealth
 + Level 7.3 Shields


You had 10 spell levels left.
You didn't know any spells.
Your spell library contained the following spells:

 Spells                   Type           Power      Damage    Failure   Level
 Necrotise                Necr           0%         1d4       99%         1
 Summon Small Mammal      Summ           0%         N/A       99%         1
 Call Canine Familiar     Summ           0%         N/A       100%        3
 Gell's Gravitas          Tloc           0%         N/A       100%        3
 Hailstorm                Conj/Ice       0%         3d3       100%        3
 Lesser Beckoning         Tloc           0%         N/A       100%        3
 Summon Guardian Golem    Hex/Summ       0%         N/A       100%        3
 Teleport Other           Tloc           0%         N/A       100%        3
 Vampiric Draining        Necr           0%         2d6       100%        3
 Ice Form                 Ice/Tmut       0%         N/A       100%        4
 Agony                    Necr           0%         N/A       100%        5
 Simulacrum               Ice/Necr       Unusable   N/A       N/A         6

Dungeon Overview and Level Annotations

Branches:
Dungeon (9/15)             Temple (1/1) D:6            Lair (0/5) D:8
  Sewer (visited)
    Orc: D:9-12

Altars:
Ashenzari
Cheibriados
Dithmenos
Elyvilon
Fedhas
Gozag
Hepliaklqana
Kikubaaqudgha
Nemelex Xobeh
Qazlal
Ru
Sif Muna
Trog
Uskayaw
Vehumet
Wu Jian
Xom
Yredelemnul
Zin
The Shining One

Shops:
D:4 [   D:6 ?:[((

Annotations:
D:9 1 transporter, KennySheep's ghost, novice DECj


Innate Abilities, Weirdness & Mutations

You have a pair of horns on your head.
You reflexively headbutt those who attack you in melee.


Message History

The troll bites you but does no damage. The troll closely misses you.
The troll completely misses you.
You barely miss the tengu warrior. The tengu warrior blocks your attack.
The tengu warrior is moderately wounded.
You barely miss the troll. You slash the troll! You slash the two-headed ogre!
You kill the two-headed ogre!
The tengu warrior closely misses you. You furiously retaliate!
You headbutt the tengu warrior!! The tengu warrior misses you.
You block the tengu warrior's attack. The troll barely misses you.
The troll claws you but does no damage. The troll claws you.
* * * LOW HITPOINT WARNING * * *
The troll bites you but does no damage. The troll misses you.
The troll claws you but does no damage.
The tengu warrior hits you but does no damage.
The tengu warrior pecks you.
* * * LOW HITPOINT WARNING * * *
The tengu warrior claws you.
* * * LOW HITPOINT WARNING * * *
Your Axes skill increases to level 13!
You have reached level 11!
You miss the tengu warrior.
The tengu warrior is severely wounded.
You closely miss the troll. You slice the troll!! You block the troll's attack.
The troll claws you but does no damage. The troll barely misses you.
The troll completely misses you. You furiously retaliate!
You headbutt the troll! The troll closely misses you. The troll claws you!
* * * LOW HITPOINT WARNING * * *
The tengu warrior hits you but does no damage.
You block the tengu warrior's attack. The tengu warrior closely misses you.
The tengu warrior blocks your attack.
The tengu warrior is severely wounded.
You miss KennySheep's ghost. You slash the troll!
You kill the troll!
You slash the troll!
You kill the troll!
KennySheep's ghost casts a spell at you.
The magic dart hits you but does no damage.
The tengu warrior hits you with a +1 antimagic trident!
You die...
Your body crumbles into a pile of gold.

#..#......# #...................
###.......###...................
###..................##.......
#..#.........................
##.#..........#####..........
###........###...###........
#.......##....#.###......#
##......#$$..# #..#.......
##....##@Q..#≈##.##....##
###..#.$W.......T#.....#
#.©#©$##._}...W#©...## #..#..#
..)#...#..###
#..######.#≈#.##..#
##..##..#.#####..##
#..##...yQ.###..#
##..###..W###..##
#....#####....#


You could see a tengu warrior and KennySheep's ghost.

Vanquished Creatures
  2 two-headed ogres (D:9)
  A manticore (D:9)
  A moth of wrath (D:9)
  3 trolls
  A hornet (D:8)
  3 slime creatures (D:7)
  A wyvern (D:9)
  11 yaks
  2 steam dragons
  A water moccasin (D:7)
  4 orc warriors
  A sky beast (D:8)
  A black bear (D:8)
  An ogre (D:6)
  2 centaurs
  2 phantoms
  4 kobold brigands
  A gnoll sergeant (D:9)
  2 bullfrogs (D:8)
  2 scorpions (D:8)
  6 killer bees
  2 howler monkeys
  A gnoll bouda (D:4)
  3 orc priests
  A jelly (D:6)
  Crazy Yiuf (D:3)
  5 iguanas
  12 orc wizards
  8 gnolls
  10 adders
  4 river rats
  A white imp (D:7)
  2 ufetubi
  2 adder skeletons (D:2)
  2 worms (D:3)
  A dart slug (D:4)
  23 orcs
  3 bats
  A bat zombie (D:2)
  5 endoplasms
  4 giant cockroaches
  6 goblins
  4 hobgoblins
  8 jackals
  3 quokkas
  14 ball pythons
  4 frilled lizards
  A jackal zombie (D:2)
  17 kobolds
  A quokka skeleton (D:2)
  7 rats
208 creatures vanquished.

Vanquished Creatures (others)
  An orc (D:9)
  A kobold (D:9)
  3 bushes (D:7)
  10 fungi (D:8)
  24 plants
  2 withered plants (D:2)
41 creatures vanquished.

Grand Total: 249 creatures vanquished

Notes
Turn   | Place    | Note
-------+----------+-------------------------------------------
     0 | D:1      | bmack86 the Minotaur Fighter began the quest for the Orb.
     0 | D:1      | Reached XP level 1. HP: 19/19 MP: 0/0
   156 | D:1      | Reached XP level 2. HP: 25/27 MP: 1/1
   792 | D:1      | Identified a scroll of acquirement
   792 | D:1      | Acquired the +2 pair of boots "Vijok" {rPois Str+3 Dex-3
                  | Stlth+}
   947 | D:2      | Reached XP level 3. HP: 30/33 MP: 2/2
   993 | D:2      | Reached skill level 3 in Axes
  1732 | D:3      | Reached XP level 4. HP: 40/40 MP: 3/3
  1931 | D:3      | Identified the +0 robe of the Known World {rF- rN+ Str+8
                  | Int+3}
  2050 | D:3      | Found a glowing drain.
  2061 | Sewer    | Entered a sewer
  2065 | Sewer    | Noticed a kobold brigand
  2069 | Sewer    | Reached skill level 4 in Axes
  2079 | Sewer    | Killed a kobold brigand
  2080 | Sewer    | Reached XP level 5. HP: 44/47 MP: 4/4
  2151 | Sewer    | Reached skill level 5 in Axes
  2151 | Sewer    | Reached skill level 5 in Armour
  2151 | Sewer    | Reached skill level 1 in Dodging
  2151 | Sewer    | Reached XP level 6. HP: 48/53 MP: 5/5
  2732 | D:3      | Found a runed translucent door.
  2733 | D:3      | Noticed Crazy Yiuf
  2737 | D:3      | Killed Crazy Yiuf
  2833 | D:4      | Found Qeleuwy's Armour Boutique.
  2989 | D:4      | Reached skill level 5 in Fighting
  3516 | D:5      | Entered Level 5 of the Dungeon
  3523 | D:5      | Reached skill level 6 in Axes
  3542 | D:5      | Reached XP level 7. HP: 56/61 MP: 6/6
  3795 | D:5      | Reached skill level 7 in Axes
  3999 | D:4      | Bought a +2 cloak for 198 gold pieces
  4199 | D:6      | Found Fotes's Antique Armour Shop.
  4256 | D:6      | Found a staircase to the Ecumenical Temple.
  4285 | Temple   | Entered the Ecumenical Temple
  4509 | Temple   | Became a worshipper of Gozag Ym Sagoz the Greedy
  4551 | D:6      | Reached skill level 5 in Shields
  4575 | D:6      | Found Zepn's Antique Weapon Boutique.
  4644 | D:6      | Found Ynlonin's Weapon Boutique.
  4702 | D:6      | Reached skill level 1 in Stealth
  4702 | D:6      | Reached XP level 8. HP: 52/70 MP: 7/7
  4949 | D:6      | Found Legryses's Book Emporium.
  5120 | D:6      | Found Fusaicys's Magic Scroll Shop.
  5124 | D:6      | Bought a scroll of enchant weapon for 90 gold pieces
  5242 | D:7      | Reached skill level 8 in Axes
  6648 | D:8      | Reached skill level 9 in Axes
  7135 | D:8      | Found a staircase to the Lair.
  7138 | D:8      | Reached XP level 9. HP: 79/79 MP: 8/8
  7765 | D:7      | Noticed a troll
  7776 | D:7      | Killed a troll
  7777 | D:7      | Reached skill level 10 in Axes
  7968 | D:7      | Noticed an eight-headed hydra
  8329 | D:6      | Bought a runed plate armour for 520 gold pieces
  8483 | D:8      | Reached skill level 11 in Axes
  8483 | D:8      | Reached XP level 10. HP: 77/88 MP: 9/9
  8572 | D:9      | Noticed a manticore
  8594 | D:8      | Reached skill level 10 in Armour
  8717 | D:9      | Reached skill level 12 in Axes
  8846 | D:9      | Killed a manticore
  9237 | D:9      | Noticed a two-headed ogre
  9250 | D:9      | Noticed KennySheep's ghost (novice DECj)
  9251 | D:9      | Found a bloodstained altar of Trog.
  9251 | D:9      | Noticed a moth of wrath
  9252 | D:9      | Noticed a two-headed ogre
  9252 | D:9      | Noticed a tengu warrior
  9257 | D:9      | Found a transporter.
  9264 | D:9      | Found a transporter.
  9299 | D:9      | Found a glowing silver altar of Zin.
  9336 | D:9      | Found a sacrificial altar of Ru.
  9483 | D:9      | Killed a two-headed ogre
  9487 | D:9      | Killed a moth of wrath
  9494 | D:9      | Killed a two-headed ogre
  9495 | D:9      | Reached skill level 13 in Axes
  9495 | D:9      | Reached XP level 11. HP: 16/97 MP: 10/10
  9496 | D:9      | Slain by a tengu warrior

Illustrated notes

Levels and vault maps discovered:
D:1:      dpeg_arrival_round_a, layout_basic
D:2:      layout_loops_ring, serial_undead, serial_undead_e, serial_undead_a,
          serial_undead_b, serial_undead_e, serial_undead_c, serial_undead_e,
          kennysheep_generic_room_9
D:3:      layout_basic, portal_sewer_entry_e, chequers_garden,
          uniq_crazy_yiuf_cottage
D:4:      layout_rooms, serial_shops, shop, minmay_strange_pillars,
          grunt_decor_cap, kennysheep_nondescript
D:5:      layout_rooms
D:6:      layout_cave_pools, minmay_temple_entry_offerings, serial_shops,
          nicolae_inconvenience_store, shop, kennysheep_mini,
          nicolae_diamond_shop, shop
D:7:      minmay_klotski, layout_basic
D:8:      layout_layer_cave, grunt_lair_entry_orc_guard_hut
D:9:      layout_big_octagon, grunt_temple_overflow_open,
          gammafunk_ghost_wrathful_warriors
Temple:   eino_narrow_crystal_temple

Skill      XL: |  1  2  3  4  5  6  7  8  9 10 |
---------------+-------------------------------+-----
Fighting       | 4 5 6 7 8 9 |  9.2
Shields        | 4 5 6 7 |  7.3
Armour         | 4 5 6 7 9 10 | 10.7
Axes           | 3 4 5 6 7 9 11 13 | 13.0
Dodging        | 1 2 4 |  4.4
Stealth        | 1 2 |  2.0

Action                   |  1- 3 |  4- 6 |  7- 9 | 10-12 || total
-------------------------+-------+-------+-------+-------++-------
Melee: War axe           |    94 |   148 |   176 |    64 ||   482
       Headbutt          |    11 |    24 |    36 |     8 ||    79
  Use: Scroll            |     9 |     6 |     7 |       ||    22
       Potion            |       |       |     1 |     2 ||     3
Armor: Scale mail        |    46 |    82 |   135 |       ||   263
       Plate armour      |       |       |    24 |   146 ||   170
Dodge: Dodged            |    45 |    71 |   120 |    92 ||   328
Block: Buckler           |    18 |    27 |    58 |    45 ||   148

Table legend: (Time is in decaauts)
 A = Elapsed time spent in this place.
 B = Non-inter-level travel time spent in this place.
 C = Inter-level travel time spent in this place.
 D = Time resting spent in this place.
 E = Time spent auto-exploring this place.
 F = Levels seen in this place.
 G = Mean time per level.
                   A        B        C        D        E       F      G
               +--------+--------+--------+--------+--------+-----+--------+
         Total |   9749 |   8825 |    924 |    875 |   5102 |  11 |  886.3 |
       Dungeon |   8756 |   7858 |    898 |    875 |   4476 |   9 |  972.9 |
        Temple |    239 |    213 |     26 |      0 |    197 |   1 |  239.0 |
         Sewer |    753 |    753 |      0 |      0 |    429 |   1 |  753.0 |
               +--------+--------+--------+--------+--------+-----+--------+

Top non-repeatable levels by time:
     D:8: 1916 daAuts
     D:7: 1673 daAuts
     D:6: 875 daAuts
     D:4: 856 daAuts
     D:1: 821 daAuts
     D:2: 798 daAuts
   Sewer: 753 daAuts
     D:3: 678 daAuts
     D:5: 634 daAuts
     D:9: 502 daAuts
  Temple: 239 daAuts
